 Dungeon Crawl Stone Soup version 0.17.0-28-g6e173f8 (webtiles) character file.

30910 sugabear the Covert (level 13, -5/80 HPs)
             Began as a Gargoyle Fighter on Nov 27, 2015.
             Was a High Priest of Dithmenos.
             Slain by an orc warlord
             ... wielding a +0 broad axe
              (15 damage)
             ... on level 4 of the Orcish Mines.
             The game lasted 01:02:33 (20078 turns).

sugabear the Covert (Gargoyle Fighter)             Turns: 20078, Time: 01:02:33

Health: -5/80      AC: 28    Str: 28      XL:     13   Next: 54%
Magic:  20/20      EV: 13    Int:  8 (9)  God:    Dithmenos [*****.]
Gold:   2159       SH:  0    Dex:  8 (10) Spells: 1 memorised, 19 levels left

rFire  . . .     SeeInvis .     v - +12 short sword "Zuurabb" {freeze, rElec rC- MR+++ Str+4}
rCold  + . .     Clarity  .     m - +1 ring mail {rC+}
rNeg   + . .     SustAt   .     (no shield)
rPois  ∞         Gourm    .     (helmet restricted)
rElec  +         Spirit   .     E - +2 cloak
rCorr  .         Warding  .     P - +2 pair of gloves
rMut   .         Stasis   .     (no boots)
MR     +++++                    (no amulet)
Stlth  ++++++....               B - +3 ring of protection
                                i - ring of protection from cold

@: wreathed by umbra, studying Hexes, almost entirely resistant to hostile
enchantments, very stealthy
A: claws 1, horns 1, yellow scales 1, blink, blurry vision 1, deterioration 1,
magic resistance 2, negative energy resistance 1, electricity resistance,
unbreathing, petrification resistance, rot immunity, AC +9
a: Blink, Shadow Step, Shadow Form, Renounce Religion


You were on level 4 of the Orcish Mines.
You worshipped Dithmenos.
Dithmenos was extremely pleased with you.
You were not hungry.

You visited 3 branches of the dungeon, and saw 18 of its levels.
You visited 1 bazaar.
You also visited: Sewer and Bailey.

You collected 2393 gold pieces.
You spent 234 gold pieces at shops.

Inventory:

Hand Weapons
 v - the +12 short sword "Zuurabb" (weapon) {freeze, rElec rC- MR+++ Str+4}
   (You found it on level 4 of the Dungeon)

   It has been specially enchanted to freeze those struck by it, causing extra
   injury to most foes and up to half again as much damage against particularly
   susceptible opponents.
   It can also slow down cold-blooded creatures.
   It affects your strength (+4).
   It makes you vulnerable to cold.
   It insulates you from electricity.
   It affects your resistance to hostile enchantments.
Missiles
 S - 54 tomahawks of returning (quivered)
Armour
 b - the +0 leather armour of the Twelve Wishes {rPois rN+ Int+8}
   (You found it on level 5 of the Dungeon)

   It affects your intelligence (+8).
   It protects you from poison.
   It protects you from negative energy.
 c - a +0 shield
 m - a +1 ring mail of cold resistance (worn)
 C - the +3 leather armour of Spite {Int+4}
   (You found it on level 8 of the Dungeon)

   It affects your intelligence (+4).
 E - a +2 cloak (worn)
 G - a +2 robe of cold resistance
 P - a +2 pair of gloves (worn)
Jewellery
 i - a ring of protection from cold (left hand)
 B - a +3 ring of protection (right hand)
 O - the ring of Omebb {rPois Str+3 Int+2}
   (You found it on level 11 of the Dungeon)

   [ring of intelligence]

   It affects your strength (+3).
   It affects your intelligence (+2).
   It protects you from poison.
 U - an uncursed ring of fire
Wands
 s - a wand of slowing (5)
 w - a wand of frost (24)
 y - a wand of digging (24)
 D - a wand of frost (27)
Scrolls
 a - 2 scrolls of immolation {unknown}
 d - 4 scrolls of teleportation
 g - a scroll of amnesia
 j - 4 scrolls of identify
 o - 4 scrolls of fear
 q - 6 scrolls of remove curse
 r - 3 scrolls of blinking
 u - 3 scrolls of magic mapping
 x - a scroll of noise
 z - a scroll of recharging
 K - a scroll of enchant armour
 M - a scroll of summoning
 N - a scroll of random uselessness {unknown}
Potions
 k - a potion of haste
 n - 4 potions of curing
 p - a potion of might
 A - 2 potions of magic
 F - 2 potions of agility
 H - a potion of poison {unknown}
 J - 2 potions of ambrosia
 R - a potion of resistance {unknown}
 T - a potion of cure mutation {unknown}
 V - a potion of beneficial mutation {unknown}
Books
 t - a book of Transfigurations

   Spells                             Type                      Level
   a - Stoneskin                      Transmutation/Earth          2
   b - Irradiate                      Conjuration/Transmutation    5
   c - Statue Form                    Transmutation/Earth          6
   d - Hydra Form                     Transmutation                6
   e - Dragon Form                    Transmutation                7
 I - a book of Ice

   Spells                             Type                      Level
   a - Ice Form                       Ice/Transmutation            4
   b - Metabolic Englaciation         Hexes/Ice                    5
   c - Ozocubu's Refrigeration        Ice                          6
   d - Bolt of Cold                   Conjuration/Ice              6
   e - Freezing Cloud                 Conjuration/Ice/Air          6
   f - Simulacrum                     Ice/Necromancy               6
 L - a book of Hinderance

   Spells                             Type                      Level
   a - Confusing Touch                Hexes                        2
   b - Confuse                        Hexes                        3
   c - Gell's Gravitas                Hexes/Translocation          3
   d - Petrify                        Transmutation/Earth          4
   e - Metabolic Englaciation         Hexes/Ice                    5
 Q - a manual of Hexes
Comestibles
 e - 11 bread rations
 f - 5 beef jerkies
 h - 6 chunks of flesh
 l - 3 meat rations


   Skills:
 + Level 9.1 Fighting
 + Level 7.5 Short Blades
   Level 3.2 Axes
 + Level 2.1 Throwing
 + Level 7.5 Armour
 + Level 8.6 Dodging
 * Level 11.9 Stealth
 + Level 7.3 Shields
 * Level 5.2 Spellcasting
 * Level 4.7 Hexes
 * Level 6.7 Invocations
 + Level 1.0 Evocations


You had 19 spell levels left.
You knew the following spells:

 Your Spells              Type           Power        Failure   Level  Hunger
a - Confuse               Hex            #.......     17%         3    ###....


Dungeon Overview and Level Annotations

Branches:
Dungeon (13/15)            Temple (1/1) D:6            Lair (0/8) D:11
    Orc (4/4) D:12            Elf (0/3) Orc:4
 Vaults: D:13-14

Altars:
Ashenzari
Cheibriados
Dithmenos
Elyvilon
Fedhas
Gozag
Kikubaaqudgha
Makhleb
Nemelex Xobeh
Okawaru
Qazlal
Ru
Sif Muna
Trog
Vehumet
Xom
Yredelemnul
Zin
The Shining One
Beogh

Shops:
D:4 ?   D:5 (   D:6 (   Orc:1 (   Orc:3 :   Orc:4 (


Innate Abilities, Weirdness & Mutations

You are resistant to torment.
Your stone body is resilient (AC +9).
You are immune to poison.
You resist negative energy.
You are resistant to electric shocks.
You can survive without breathing.
You are immune to petrification.
You are immune to rotting.
You have sharp fingernails.
You have a pair of small horns on your head.
You are partially covered in yellow scales (AC +2).
You can translocate small distances at will.
Scrolls take you a little longer to read.
Your body sometimes deteriorates upon taking damage.
You are highly resistant to hostile enchantments.


Message History

The orc warlord hits you with a broad axe!!
* * * LOW HITPOINT WARNING * * *
The ogre closely misses you.
Drink which item? (? for menu, Esc to quit)
You feel better.
The orc warlord hits you but does no damage.
Drink which item? (? for menu, Esc to quit)
You feel better.
The ogre hits you with a giant spiked club!
* * * LOW HITPOINT WARNING * * *
Drink which item? (? for menu, Esc to quit)
You feel better.
The orc warlord hits you with a broad axe!!
* * * LOW HITPOINT WARNING * * *
Your body deteriorates!
You feel dopey. The ogre barely misses you.
Drink which item? (? for menu, Esc to quit)
You feel better.
The orc warlord hits you with a broad axe!
You die... ..#####.................### ### ###...............#.## # ##.))).......#.....# ooo8 #..).........#.#.## #### #.oo#####..........#.#...###.#. o#.Oo#oo

#.........#.......#.... '...o.
#................###.#. #.o.#
#...............##....#
###.8.#####....O@..............##
..#...#.. #....o.......##.#...##
).'...'. #..............<)..##
..#..o# #.......#####..[).##
###...## #......##...##.....#
#8...8# ##......#.....#.....####
##...(.###...)...#.._..#.##.###.#
.##(')##).....)))#...[.#.#.#.#...
.)...)))........)##...##......#.#


You could see an orc warlord and an ogre.

Vanquished Creatures
  Frances (D:12)
  An orc warlord (Bailey)
  4 hydras
  Urug (D:12)
  The ghost of trolloc1 the Basher, a novice MiBe of Trog (Bailey)
  3 hill giants
  3 orc knights
  3 orc sorcerers (Orc:4)
  3 slime creatures (D:12)
  4 ugly things
  2 manticores
  A gargoyle (D:11)
  A cyclops (D:12)
  A komodo dragon (D:13)
  A troll (D:12)
  A trapdoor spider (D:12)
  3 yaks (D:11)
  A spriggan (D:8)
  A steam dragon (D:10)
  3 mottled dragons
  Grum (D:11)
  2 wolves (D:11)
  3 wargs
  4 vampire mosquitoes (D:12)
  2 hippogriffs
  2 hungry ghosts
  4 wyverns
  A water moccasin (D:8)
  37 orc warriors
  An eye of draining (D:11)
  2 ice beasts
  4 phantoms
  2 black bears
  A necrophage (D:9)
  4 sky beasts
  14 ogres
  4 centaurs
  The ghost of sugabear the Shield-Bearer, an amateur GrFi (D:3)
  4 giant frogs
  2 crocodiles
  3 big kobolds
  A wyvern skeleton (D:11)
  5 scorpions
  An electric eel (D:11)
  7 killer bees
  8 wights
  9 crimson imps
  A quasit (D:9)
  4 hounds (D:8)
  37 orc wizards
  4 giant frog skeletons
  A giant frog zombie (D:7)
  A gnoll shaman (D:5)
  Crazy Yiuf (D:6)
  5 centaur skeletons
  33 orc priests
  6 iguanas
  8 worker ants
  12 gnolls
  10 adders
  A river rat (D:4)
  2 shadow imps
  2 oozes
  An adder skeleton (D:4)
  2 worms
  7 giant geckos
  229 orcs
  10 ball pythons
  12 bats
  5 giant cockroaches
  12 hobgoblins
  10 jackals
  4 quokkas
  4 giant newts
  16 goblins
  38 kobolds
  12 rats
  A plant (Sewer)
659 creatures vanquished.

Vanquished Creatures (others)
  A hill giant (D:12)
  A scorpion (D:6)
  An orc (D:8)
  A quokka (D:2)
4 creatures vanquished.

Grand Total: 663 creatures vanquished

Notes
Turn   | Place    | Note
--------------------------------------------------------------
     0 | D:1      | sugabear the Gargoyle Fighter began the quest for the Orb.
     0 | D:1      | Reached XP level 1. HP: 14/14 MP: 1/1
   263 | D:1      | Reached XP level 2. HP: 16/19 MP: 2/2
   801 | D:2      | Reached XP level 3. HP: 23/23 MP: 3/3
   892 | D:2      | Found a glowing golden altar of the Shining One.
  1184 | D:3      | Noticed sugabear's ghost (amateur GrFi)
  1258 | D:2      | Found a blossoming altar of Fedhas.
  1342 | D:2      | Found a shattered altar of Ashenzari.
  1355 | D:2      | Found a white marble altar of Elyvilon.
  1583 | D:2      | Reached XP level 4. HP: 22/29 MP: 4/4
  1663 | D:2      | Reached skill level 4 in Shields
  2575 | D:3      | Killed sugabear's ghost
  2575 | D:3      | Reached skill level 1 in Dodging
  2575 | D:3      | Reached XP level 5. HP: 31/33 MP: 5/5
  2628 | D:4      | Got a faintly glowing short sword
  2629 | D:4      | Identified the +12 short sword "Zuurabb" {freeze, rElec rC- MR+++ Str+4} (You found it on level 4 of the Dungeon)
  2747 | D:4      | Reached XP level 6. HP: 37/39 MP: 6/6
  2901 | D:4      | Noticed an ogre
  2909 | D:4      | Killed an ogre
  2909 | D:4      | Reached skill level 5 in Shields
  3002 | D:4      | Found Unoiqarph's Magic Scroll Emporium.
  3012 | D:4      | Bought a scroll of remove curse for 30 gold pieces
  3012 | D:4      | Bought a scroll of identify for 20 gold pieces
  3012 | D:4      | Bought a scroll of magic mapping for 35 gold pieces
  3190 | D:4      | Found a glowing drain.
  3212 | Sewer    | Entered a sewer
  3301 | Sewer    | Reached XP level 7. HP: 44/44 MP: 7/7
  3838 | D:4      | Reached skill level 1 in Stealth
  3945 | D:3      | Found an iron altar of Okawaru.
  4085 | D:4      | Bought a scroll of remove curse for 30 gold pieces
  4085 | D:4      | Bought 3 scrolls of identify for 60 gold pieces
  4516 | D:5      | Entered Level 5 of the Dungeon
  4615 | D:5      | Reached skill level 1 in Short Blades
  4615 | D:5      | Reached skill level 5 in Armour
  4945 | D:5      | Reached skill level 6 in Shields
  5048 | D:5      | Found Gozatuage's Antique Weapon Shoppe.
  5066 | D:5      | Reached XP level 8. HP: 43/48 MP: 8/8
  5082 | D:5      | Reached skill level 5 in Fighting
  5142 | D:5      | Got a sapphire-encrusted leather armour
  5144 | D:5      | Identified the +0 leather armour of the Twelve Wishes {rPois rN+ Int+8} (You found it on level 5 of the Dungeon)
  5167 | D:5      | Found a snail-covered altar of Cheibriados.
  5555 | D:6      | Found a staircase to the Ecumenical Temple.
  5562 | Temple   | Entered the Ecumenical Temple
  6133 | D:6      | Found Gimnu's Weapon Emporium.
  6273 | D:7      | Found a sparkling altar of Nemelex Xobeh.
  6589 | D:6      | Noticed Crazy Yiuf
  6597 | D:6      | Killed Crazy Yiuf
  7033 | D:7      | Reached skill level 5 in Stealth
  7033 | D:7      | Reached XP level 9. HP: 53/55 MP: 9/9
  7344 | D:7      | Found a stormy altar of Qazlal.
  8164 | D:8      | Noticed a four-headed hydra
  8164 | D:8      | Noticed a brown ugly thing
  8261 | D:8      | Noticed a brown ugly thing
  8268 | D:7      | Killed a four-headed hydra
  8506 | D:7      | Killed a brown ugly thing
  8506 | D:7      | Reached XP level 10. HP: 41/61 MP: 10/10
  8510 | D:7      | Gained mutation: You tend to lose your temper in combat. [mutagenic meat]
  8511 | D:7      | Gained mutation: You are clumsy. (Dex -2) [mutagenic meat]
  8540 | D:7      | Killed a brown ugly thing
  8540 | D:7      | Reached skill level 5 in Dodging
  8540 | D:7      | Reached skill level 7 in Stealth
  8544 | D:7      | Gained mutation: Scrolls take you a little longer to read. [mutagenic meat]
  8547 | D:7      | Gained mutation: You are resistant to hostile enchantments. [potion of mutation]
  8547 | D:7      | Gained mutation: You can translocate small distances at will. [potion of mutation]
  8655 | D:8      | Noticed a five-headed hydra
  8666 | D:8      | Killed a five-headed hydra
  8666 | D:8      | Reached skill level 5 in Short Blades
  8794 | D:8      | Noticed a manticore
  8814 | D:8      | Killed a manticore
  9101 | D:8      | Reached skill level 1 in Evocations
  9230 | D:8      | Found an opulent altar of Gozag.
  9286 | D:8      | Got a faintly humming leather armour
  9297 | D:8      | Identified the +3 leather armour of Spite {Int+4} (You found it on level 8 of the Dungeon)
  9302 | D:8      | Found a shadowy altar of Dithmenos.
  9310 | D:8      | Became a worshipper of Dithmenos the Shadowed
  9573 | D:9      | Reached skill level 1 in Invocations
  9649 | D:8      | Reached skill level 8 in Stealth
 10022 | D:10     | Entered Level 10 of the Dungeon
 10034 | D:9      | Reached XP level 11. HP: 66/68 MP: 12/12
 10058 | D:9      | Learned a level 3 spell: Confuse
 10114 | D:9      | Gained mutation: Your body sometimes deteriorates upon taking damage. [mutagenic meat]
 10115 | D:9      | Gained mutation: You occasionally shout uncontrollably at your foes. [mutagenic meat]
 10116 | D:9      | Lost mutation: You are clumsy. (Dex -2) [mutagenic meat]
 10117 | D:9      | Lost mutation: You occasionally shout uncontrollably at your foes. [mutagenic meat]
 10118 | D:9      | Gained mutation: You have a pair of small horns on your head. [mutagenic meat]
 10119 | D:9      | Gained mutation: You have sharp fingernails. [mutagenic meat]
 10209 | D:9      | Reached * piety under Dithmenos
 10219 | D:9      | Reached skill level 1 in Spellcasting
 10229 | D:9      | Found a burning altar of Makhleb.
 10229 | D:9      | Noticed an Executioner
 10246 | D:9      | Found a blossoming altar of Fedhas.
 10371 | D:9      | Found a deep blue altar of Sif Muna.
 10529 | D:11     | Found a flickering gateway to a bazaar.
 10542 | Bazaar   | Entered a bazaar
 10549 | Bazaar   | Found Ymiphi's Gadget Boutique.
 10567 | Bazaar   | Found Atoadwops's General Store.
 10572 | Bazaar   | Bought a scroll of magic mapping for 59 gold pieces
 10584 | Bazaar   | Found Cigop's Book Boutique.
 10601 | Bazaar   | Found Apanieb's Antique Armour Shoppe.
 10696 | D:10     | Noticed a hill giant
 10713 | D:10     | Killed a hill giant
 10713 | D:10     | Reached skill level 9 in Stealth
 10725 | D:10     | Gained mutation: You are partially covered in yellow scales (AC +2). [potion of mutation]
 10725 | D:10     | Gained mutation: You have a pair of horns on your head. [potion of mutation]
 10725 | D:10     | Lost mutation: You tend to lose your temper in combat. [potion of mutation]
 10807 | D:10     | Reached skill level 1 in Hexes
 10955 | D:10     | Noticed a hill giant
 10970 | D:10     | Killed a hill giant
 11604 | D:11     | Lost mutation: You have a pair of horns on your head. [mutagenic meat]
 11605 | D:11     | Gained mutation: You are highly resistant to hostile enchantments. [mutagenic meat]
 11784 | D:11     | Got a fine amber ring
 11787 | D:11     | Identified the ring of Omebb {rPois Str+3 Int+2} (You found it on level 11 of the Dungeon)
 11994 | D:11     | Found a staircase to the Lair.
 12061 | D:12     | Noticed Frances
 12061 | D:12     | Noticed a hill giant
 12061 | D:12     | Noticed a six-headed hydra
 12226 | D:11     | Noticed Grum
 12227 | D:11     | Noticed a hill giant
 12242 | D:11     | Killed a hill giant
 12242 | D:11     | Reached skill level 10 in Stealth
 12250 | D:11     | Killed Grum
 12332 | D:11     | Reached ** piety under Dithmenos
 12587 | D:12     | Reached XP level 12. HP: 73/73 MP: 16/16
 12625 | D:13     | Found a flagged portal.
 12626 | D:13     | Noticed a four-headed hydra
 12636 | Bailey   | Entered a bailey
 12644 | Bailey   | Noticed an orc warlord
 12645 | Bailey   | Noticed trolloc1's ghost (novice MiBe)
 12851 | Bailey   | Found a runed gate.
 12851 | Bailey   | Found a runed gate.
 12976 | Bailey   | Found a runed gate.
 13166 | Bailey   | Killed an orc warlord
 13166 | Bailey   | Reached skill level 1 in Throwing
 13440 | Bailey   | Killed trolloc1's ghost
 13440 | Bailey   | Reached skill level 5 in Invocations
 13552 | D:13     | Killed a four-headed hydra
 13818 | D:12     | Noticed an orc knight
 13820 | D:12     | Found a roughly hewn altar of Beogh.
 13821 | D:12     | Noticed an orc knight
 13822 | D:12     | Found a staircase to the Orcish Mines.
 14022 | D:12     | Killed an orc knight
 14340 | D:12     | Killed an orc knight
 14497 | D:12     | Reached *** piety under Dithmenos
 14664 | D:12     | Noticed Urug
 14671 | D:12     | Killed Urug
 15021 | D:12     | Killed Frances
 15021 | D:12     | Reached skill level 11 in Stealth
 15090 | D:13     | Killed a six-headed hydra
 15243 | D:12     | Killed a hill giant
 15243 | D:12     | Reached XP level 13. HP: 76/79 MP: 19/19
 15676 | Orc:1    | Entered Level 1 of the Orcish Mines
 15708 | Orc:1    | Reached **** piety under Dithmenos
 15715 | Orc:1    | Found Ekisk's Antique Weapon Shoppe.
 16865 | Orc:2    | Reached ***** piety under Dithmenos
 16991 | Orc:2    | Found a bloodstained altar of Trog.
 17253 | Orc:3    | Found Wiuf's Book Emporium.
 17643 | Orc:3    | Found a roughly hewn altar of Beogh.
 17833 | Orc:3    | Found a roughly hewn altar of Beogh.
 17955 | Orc:4    | Entered Level 4 of the Orcish Mines
 18391 | Orc:4    | Found a roughly hewn altar of Beogh.
 19013 | Orc:4    | Found a roughly hewn altar of Beogh.
 19014 | Orc:4    | Found Iruiklai's Weapon Boutique.
 19133 | Orc:4    | Found a roughly hewn altar of Beogh.
 19136 | Orc:4    | Found a staircase to the Elven Halls.
 19489 | Orc:4    | Found a roughly hewn altar of Beogh.
 19494 | Orc:4    | Reached skill level 5 in Spellcasting
 19997 | Orc:4    | Noticed an orc warlord
 20074 | Orc:4    | HP: 3/80 [orc warlord/broad axe (19)]
 20078 | Orc:4    | Slain by an orc warlord

Action                   |  1- 3 |  4- 6 |  7- 9 | 10-12 | 13-15 || total
-------------------------+-------+-------+-------+-------+-------++-------
Melee: War axe           |   168 |    52 |       |       |       ||   220
       Short sword       |       |    49 |   302 |   658 |   638 ||  1647
Throw: Tomahawk          |       |       |       |    42 |     6 ||    48
 Cast: Confuse           |       |       |       |     3 |     4 ||     7
Invok: Shadow Step       |       |       |       |       |     9 ||     9
Evoke: Wand              |       |       |     3 |       |       ||     3
  Use: Potion            |       |     1 |       |    16 |     4 ||    21
       Scroll            |       |       |     4 |    19 |     1 ||    24
 Stab: Sleeping          |       |       |     4 |    20 |    31 ||    55
       Distracted        |       |       |       |     7 |     2 ||     9
       Confused          |       |       |       |       |     1 ||     1
  Eat: Chunk             |     2 |     5 |    13 |    28 |    14 ||    62
       Meat ration       |       |     1 |       |       |     1 ||     2
       Fruit             |       |       |       |     9 |       ||     9
       Royal jelly       |       |       |       |     1 |       ||     1
